 Dungeon Crawl Stone Soup version 0.30-a0-51-g784eafce7f (webtiles) character file.

Game seed: 14300549983410827786

49 Murumi the Sneak (level 3, -4/19 HPs)
             Began as a Vampire Enchanter on Sept 6, 2022.
             Slain by Natasha (7 damage)
             ... on level 2 of the Dungeon.
             The game lasted 00:04:36 (1673 turns).

Murumi the Sneak (Vampire Enchanter)                Turns: 1673, Time: 00:04:37

Health: -4/19      AC:  2    Str:  7    XL:     3   Next: 51%
Magic:  1/6        EV: 13    Int: 17    God:
Gold:   63         SH:  0    Dex: 16    Spells: 4/6 levels left

rFire   . . .      SeeInvis +    a - +2 dagger
rCold   + + .      Faith    .    (no shield)
rNeg    + + +      Spirit   .    b - +0 robe
rPois   ∞          Reflect  .    (no helmet)
rElec   .          Harm     .    (no cloak)
rCorr   .          Rampage  .    (no gloves)
Will    .....                    (no boots)
Stlth   +++++.....               (no amulet)
HPRegen 0.00/turn                (no ring)
MPRegen 0.10/turn                (no ring)

@: very slightly contaminated, bloodless, inhibited regen, invisible
A: bloodless, fangs 3, see invisible, vampiric 2, (berserk 1)
a: Bat Form, Revivify


You were on level 2 of the Dungeon.
You visited 1 branch of the dungeon, and saw 2 of its levels.

You collected 63 gold pieces.

Inventory:

Hand Weapons
 a - a +2 dagger (weapon)
 g - a +0 rapier
Armour
 b - a +0 robe (worn)
Scrolls
 f - 2 scrolls of butterflies
Potions
 c - a potion of invisibility
 d - a potion of haste
 e - a potion of flight


   Skills:
 - Level 2.0 Short Blades
 - Level 3.0 Dodging
 - Level 5.0 Stealth
 - Level 2.0 Spellcasting
 - Level 5.0 Hexes
 + Level 0.8 Ice Magic


You had 4 spell levels left.
You knew the following spells:

 Your Spells              Type           Power      Damage    Failure   Level
a - Ensorcelled Hibernat  Hex/Ice        22%        N/A       9%          2

Your spell library contained the following spells:

 Spells                   Type           Power      Damage    Failure   Level
 Confusing Touch          Hex            18%        N/A       8%          3
 Tukima's Dance           Hex            18%        N/A       8%          3
 Freeze                   Ice            16%        1d4       14%         1
 Dazzling Flash           Conj/Hex       20%        N/A       21%         3
 Frozen Ramparts          Ice            8%         1d2       38%         3
 Hailstorm                Conj/Ice       3%         3d3       85%         4


Dungeon Overview and Level Annotations

Branches:
Dungeon (2/15)

Altars:

Annotations:
D:2 1 runed translucent door, Crazy Yiuf, Natasha


Innate Abilities, Weirdness & Mutations

You do not regenerate when monsters are visible.
You are frail without blood (-20% HP).
You can heal yourself when you bite living creatures.
You are immune to poison.
You have razor-sharp teeth.
You have supernaturally acute eyesight. (SInv)
You are afflicted with vampirism and can become a bat while bloodless.
((You sometimes lose your temper in combat.))


Message History

The crimson imp is lightly wounded.
The crimson imp hits you.
You hit the crimson imp.
The crimson imp is moderately wounded.
The crimson imp closely misses you.
You hit the crimson imp.
The crimson imp is moderately wounded.
The crimson imp closely misses you.
You hit the crimson imp.
The crimson imp is severely wounded.
The crimson imp hits you.
You hit the crimson imp. You bite the crimson imp.
You kill the crimson imp!
The crimson imp disappears in a puff of smoke!
You closely miss the shadow imp.
You bite the shadow imp, but do no damage.
The shadow imp is almost dead.
The shadow imp hits you but does no damage.
You hit the shadow imp.
The shadow imp is almost dead.
The shadow imp completely misses you.
You hit the shadow imp but do no damage.
The shadow imp is almost dead.
You hit the shadow imp but do no damage.
Your punch misses the shadow imp. You bite the shadow imp.
You kill the shadow imp!
The shadow imp disappears in a puff of smoke!
Natasha resists with some effort.
Natasha closely misses you.
You miscast Ensorcelled Hibernation.
You are very lightly contaminated with residual magic.
Nothing appears to happen.
Natasha closely misses you.
You hit Natasha but do no damage. You bite Natasha, but do no damage.
Natasha claws you!
* * * LOW HITPOINT WARNING * * *
You fade into invisibility!
Natasha barely misses you.
It was a potion of mutation.
You feel extremely strange.
You feel a little pissed off. Natasha claws you!
You die...

#........#
#g..+.♣♣♣♣......#
#(######## #)..#♣♣
♣♣P...## ##.# ###
♣♣#### #..# #.##
##.######
........##########
.)......'........#
..#.....########@#
..#.....# #h#
..#.....# ...
..####### .....
..# ....... ..#
......... ..#
#.......?..
#...........


You could see Natasha.

Vanquished Creatures
  2 worms (D:1)
  3 ball pythons (D:1)
  2 endoplasms
  4 giant cockroaches
  6 goblins
  2 hobgoblins (D:2)
  4 jackals (D:2)
  3 quokkas
  3 bats (D:2)
  3 frilled lizards
  5 kobolds
  2 rats
39 creatures vanquished.

Notes
Turn   | Place    | Note
-------+----------+-------------------------------------------
     0 | D:1      | Murumi the Vampire Enchanter began the quest for the Orb.
     0 | D:1      | Reached XP level 1. HP: 13/13 MP: 3/3
    74 | D:1      | Reached skill level 5 in Stealth
   120 | D:1      | Reached XP level 2. HP: 15/15 MP: 5/5
   135 | D:1      | Learned a level 2 spell: Ensorcelled Hibernation
   178 | D:1      | Reached skill level 5 in Hexes
  1034 | D:2      | Found a runed translucent door.
  1035 | D:2      | Noticed Crazy Yiuf
  1154 | D:2      | Gained mutation: You are afflicted with vampirism and can
                  | become a bat while bloodless. [Vampire growth]
  1154 | D:2      | Reached XP level 3. HP: 19/19 MP: 1/6
  1630 | D:2      | Noticed Natasha
  1673 | D:2      | Gained mutation: You sometimes lose your temper in combat.
                  | [potion of mutation]
  1673 | D:2      | Slain by Natasha

Illustrated notes

Levels and vault maps discovered:
D:1:      dpeg_arrival_court, layout_rooms, st_stairs_7, nicolae_wormholes
D:2:      layout_basic, uniq_crazy_yiuf_cottage, uniq_natasha

Skill      XL: |  1  2  3 |
---------------+----------+-----
Stealth        | 5 |  5.0
Hexes          | 5 |  5.0
Short Blades   | 2 |  2.0
Dodging        | 3 |  3.0
Spellcasting   | |  2.0
Ice Magic      | |  0.8

Action                   || total
-------------------------++-------
Melee: Dagger            ||    97
       Bite              ||    11
       Punch             ||     2
 Cast: Ensorcelled Hiber ||    16
 Abil: Exsanguinate      ||     1
  Use: Scroll            ||     5
       Potion            ||     2
 Stab: Sleeping          ||    24
Armor: Robe              ||    14
Dodge: Dodged            ||    50

Table legend: (Time is in decaauts)
 A = Elapsed time spent in this place.
 B = Non-inter-level travel time spent in this place.
 C = Inter-level travel time spent in this place.
 D = Time resting spent in this place.
 E = Time spent auto-exploring this place.
 F = Levels seen in this place.
 G = Mean time per level.
                   A        B        C        D        E       F      G
               +--------+--------+--------+--------+--------+-----+--------+
         Total |   1664 |   1524 |    140 |    187 |   1022 |   2 |  832.0 |
       Dungeon |   1664 |   1524 |    140 |    187 |   1022 |   2 |  832.0 |
               +--------+--------+--------+--------+--------+-----+--------+

Top non-repeatable levels by time:
     D:1: 999 daAuts
     D:2: 664 daAuts
